 Dungeon Crawl Stone Soup version 0.19.1-1-g22dce08 (webtiles) character file.

150 theAP the Skirmisher (level 5, -13/34 HPs)
             Began as a Gargoyle Fighter on Jan 3, 2017.
             Killed by divine providence
             ... invoked by an orc priest
              (16 damage)
             ... on level 3 of the Dungeon.
             The game lasted 00:03:48 (1311 turns).

theAP the Skirmisher (Gargoyle Fighter)             Turns: 1311, Time: 00:03:49

Health: -13/34     AC:  5    Str: 21    XL:     5   Next: 32%
Magic:  5/5        EV:  7    Int:  8    God:
Gold:   102        SH: 10    Dex:  9    Spells: 0 memorised, 4 levels left

rFire  . . .     SeeInvis .     k - +3 whip (venom)
rCold  . . .     Gourm    .     b - +0 scale mail
rNeg   + . .     Faith    .     c - +1 shield
rPois  ∞         Spirit   .     (no helmet)
rElec  +         Reflect  .     (no cloak)
rCorr  .         Harm     .     (no gloves)
MR     .....                    (no boots)
Stlth  ..........               (no amulet)
                                (no ring)
                                g - -5 ring of protection (curse)

@: no status effects
A: negative energy resistance 1, electricity resistance, unbreathing,
petrification resistance, rot immunity, AC +4
a: no special abilities


You were on level 3 of the Dungeon.
You were not hungry.

You visited 1 branch of the dungeon, and saw 3 of its levels.

You collected 102 gold pieces.

Inventory:

Hand Weapons
 a - a +0 flail
 k - a +3 whip of venom (weapon)
Armour
 b - a +0 scale mail (worn)
 c - a +1 shield (worn)
Jewellery
 g - a cursed -5 ring of protection (left hand)
 l - an uncursed ring of loudness
Wands
 n - a wand of random effects (25/48)
Scrolls
 m - 2 scrolls of amnesia
Potions
 d - a potion of might
 i - a potion of curing
 j - 2 potions of lignification
Comestibles
 f - 4 bread rations
 h - 2 meat rations


   Skills:
 + Level 4.4 Fighting
 * Level 4.2 Maces & Flails
 - Level 3.5 Armour
 - Level 3.4 Shields


You had 4 spell levels left.
You didn't know any spells.

Dungeon Overview and Level Annotations

Branches:
Dungeon (3/15)

Altars:


Innate Abilities, Weirdness & Mutations

You are resistant to torment.
Your stone body is resilient. (AC +4)
You are immune to poison.
You resist negative energy. (rN+)
You are resistant to electric shocks. (rElec)
You can survive without breathing.
You are immune to petrification.
You are immune to rotting.


Message History

The orc priest looks even sicker.
The orc priest is heavily wounded.
The orc barely misses you.
The orc priest hits you but does no damage.
You barely miss the orc priest.
The orc priest is heavily wounded.
You block the orc's attack.
Your shield and scale mail prevent you from hitting the orc priest.
The orc priest is severely wounded.
You block the orc's attack. The orc priest hits you.
You barely miss the orc priest.
The orc priest is severely wounded.
You block the orc's attack.
The orc priest mumbles some strange prayers to Beogh against you.
Beogh smites you!
* * * LOW HITPOINT WARNING * * *
The orc hits you but does no damage.
The orc priest invokes the aid of Beogh against you.
Beogh smites you!
You die...

#.#....#######
#.#........
#####.##...####
#.....##......
#.#########.######.
#.# #..............
#.# #.#####.######
#.# #.#####.######
##.###.#.....@....#
#......##.##.#oo..#
######### #.#ow..#
#.#....# #.#.####
#.#.# #.#.# #.#.#
#.#


You could see a worm, an orc priest and 2 orcs.

Vanquished Creatures
  Terence (D:2)
  Natasha (thrice) (D:2)
  A worm (D:2)
  2 dart slugs (D:1)
  2 leopard geckos (D:1)
  An orc (D:3)
  3 bats
  2 giant cockroaches (D:1)
  5 hobgoblins
  4 frilled lizards
  8 goblins
  7 kobolds
  4 rats
43 creatures vanquished.

Notes
Turn   | Place    | Note
-------+----------+-------------------------------------------
     0 | D:1      | theAP the Gargoyle Fighter began the quest for the Orb.
     0 | D:1      | Reached XP level 1. HP: 14/14 MP: 1/1
    43 | D:1      | Reached XP level 2. HP: 19/19 MP: 2/2
   214 | D:1      | Reached XP level 3. HP: 22/23 MP: 3/3
   797 | D:2      | Noticed Natasha
   804 | D:2      | Killed Natasha
   804 | D:2      | Reached XP level 4. HP: 13/29 MP: 4/4
   925 | D:2      | Noticed Natasha
   930 | D:2      | Killed Natasha
   999 | D:2      | Noticed Terence
  1005 | D:2      | Killed Terence
  1005 | D:2      | Reached XP level 5. HP: 31/34 MP: 5/5
  1076 | D:2      | Noticed Natasha
  1083 | D:2      | Killed Natasha
  1311 | D:3      | Killed from afar by an orc priest

Skill      XL: |  1  2  3  4  5 |
---------------+----------------+-----
Fighting       | 4 |  4.4
Maces & Flails | 3 4 |  4.2
Armour         | |  3.5
Shields        | |  3.4

Action                   |  1- 3 |  4- 6 || total
-------------------------+-------+-------++-------
Melee: Flail             |    53 |       ||    53
       Whip              |    43 |    31 ||    74
  Use: Scroll            |     5 |     2 ||     7
  Eat: Chunk             |       |     1 ||     1
Armor: Scale mail        |    53 |     3 ||    56
Dodge: Dodged            |    32 |     7 ||    39
Block: Shield            |    50 |    11 ||    61
